 Dungeon Crawl Stone Soup version 0.18.1-47-g9310371 (webtiles) character file.

10042 sleepydude the Grappler (level 11, -12/107 HPs)
             Began as a Troll Hunter on June 15, 2016.
             Was an Elder of Yredelemnul.
             Mangled by Snorg (14 damage)
             ... on level 10 of the Dungeon on June 16, 2016.
             The game lasted 01:06:25 (8384 turns).

sleepydude the Grappler (Troll Hunter)              Turns: 8384, Time: 01:06:26

Health: -12/107    AC:  8    Str: 22    XL:     11   Next: 31%
Magic:  9/10       EV: 12    Int:  7    God:    Yredelemnul [****..]
Gold:   548        SH:  7    Dex: 17    Spells: 0 memorised, 10 levels left

rFire  . . .     SeeInvis .       - Unarmed
rCold  . . .     Gourm    +     t - +1 animal skin
rNeg   . . .     Faith    .     L - +0 shield
rPois  .         Spirit   .     (helmet restricted)
rElec  .         Dismiss  .     p - +1 cloak
rCorr  .         Reflect  .     (gloves unavailable)
SustAt .         Harm     .     (boots unavailable)
MR     .....                    (no amulet)
Stlth  ++........               (no ring)
                                g - +4 ring of dexterity

@: about to teleport, not resistant to hostile enchantments, unstealthy
A: unfitting armour, claws 3, fast metabolism 3, gourmand, regeneration 2,
shaggy fur 1, tough skin 2
a: Recall Undead Slaves, Injury Mirror, Animate Dead, Drain Life, Renounce
Religion


You were on level 10 of the Dungeon.
You worshipped Yredelemnul.
Yredelemnul was greatly pleased with you.
You were completely stuffed.

You visited 1 branch of the dungeon, and saw 10 of its levels.

You collected 674 gold pieces.
You spent 126 gold pieces at shops.

Inventory:

Missiles
 F - a large rock
 G - 3 javelins
 H - a throwing net
 J - 9 tomahawks (quivered)
Armour
 b - a +0 robe
 p - a +1 cloak (worn)
 t - a +1 animal skin (worn)
 L - a +0 shield (worn)
Jewellery
 g - a +4 ring of dexterity (left claw)
Wands
 k - a wand of acid (0/15)
 A - a wand of random effects (34/48)
Scrolls
 a - a scroll of teleportation
 d - 3 scrolls of magic mapping
 h - 10 scrolls of identify
 l - 2 scrolls of recharging
 n - 4 scrolls of remove curse
 v - a scroll of blinking {unknown}
 w - 2 scrolls of immolation {unknown}
 y - a scroll of summoning {unknown}
 B - 2 scrolls of enchant armour
 I - a scroll of enchant weapon
 K - a scroll of acquirement {unknown}
 N - 2 scrolls of amnesia {unknown}
Potions
 c - 3 potions of degeneration {unknown}
 e - 4 potions of brilliance
 i - a potion of ambrosia {unknown}
 j - 2 potions of berserk rage
 m - 2 potions of heal wounds {unknown}
 o - 3 potions of flight {unknown}
 q - a potion of invisibility {unknown}
 r - a potion of lignification {unknown}
 u - 2 potions of agility {unknown}
 z - a potion of haste {unknown}
 C - a potion of curing {unknown}
 D - a potion of might
Comestibles
 f - 8 bread rations
 s - 7 meat rations
 x - 11 beef jerkies
 E - 3 fruits
 M - 9 royal jellies
 O - 5 chunks of flesh


   Skills:
 - Level 6.5 Fighting
 + Level 9.2 Throwing
 + Level 7.4 Dodging
 - Level 0.4 Stealth
 - Level 10.2 Unarmed Combat


You had 10 spell levels left.
You didn't know any spells.

Dungeon Overview and Level Annotations

Branches:
Dungeon (10/15)            Temple (0/1) D:5            Lair (0/8) D:10
    Orc (0/2) D:10

Altars:
Dithmenos
Elyvilon
Fedhas
Kikubaaqudgha
Makhleb
Nemelex Xobeh
Pakellas
Qazlal
Ru
Sif Muna
Yredelemnul
Zin
The Shining One

Shops:
D:7 *   D:8 ?

Portals:
Ossuary: D:5

Annotations:
D:10 Snorg


Innate Abilities, Weirdness & Mutations

You are too large for most types of armour.
You have claws for hands.
Your metabolism is lightning-fast.
You like to eat raw meat.
You heal very quickly.
You are covered in fur (AC +1).
You have very tough skin (AC +2).


Message History

Okay, then.
Drink which item? (? for menu, Esc to quit)
Okay, then.
Snorg rages.
Snorg closely misses you. Snorg claws you!
* * * LOW HITPOINT WARNING * * *
Snorg claws you!
* * * LOW HITPOINT WARNING * * *
Unknown command.
Read which item? (? for menu, Esc to quit)
As you read the scroll of teleportation, it crumbles to dust.
You feel strangely unstable. You block Snorg's attack. Snorg barely misses you.
You block Snorg's attack. Snorg barely misses you. Snorg claws you!
* * * LOW HITPOINT WARNING * * *
Snorg barely misses you. Snorg misses you. Snorg claws you.
* * * LOW HITPOINT WARNING * * *
Snorg claws you!
You die...
Your body rises from the dead as a mindless zombie.

###......#.#.....# #.......)...#
#.#.>.##.#.....# #.......#...#
###.#...##.#.....# ##.....##...#
#...'...z..#.....#####...###...#
#####...####.......####### #...#
#...# #.....#......####...#
#...# ##z######......##...'
##### #.#### ##.....##...#
#..@.# #.....[#...# ####T#
###........# #.###############
#.........((.(((
##############..


You could see Snorg (berserk).

Vanquished Creatures
  A catoblepas (D:10)
  An unseen horror (D:10)
  Pikel (D:9)
  The ghost of peaced01 the Skirmisher, an amateur HOFi of Gozag (D:4)
  A two-headed ogre (D:10)
  9 yaks (D:10)
  Grum (D:8)
  2 hungry ghosts
  Menkaure (D:7)
  3 soldier ants
  5 orc warriors
  2 ice beasts (D:7)
  2 black bears
  4 slaves
  2 sky beasts
  6 ogres
  3 phantoms
  4 wolves (D:8)
  4 centaurs
  A crocodile (D:10)
  A big kobold (D:9)
  8 giant frogs
  A gnoll sergeant (D:10)
  5 wights (D:7)
  4 howler monkeys
  2 crimson imps
  A centaur skeleton (D:9)
  2 giant frog zombies
  3 jellies
  6 orc wizards
  5 orc priests
  3 hounds
  3 iguanas
  9 worker ants
  9 gnolls
  A howler monkey skeleton (D:3)
  10 adders
  An adder skeleton (D:9)
  4 worms (D:2)
  3 dart slugs
  A giant gecko (D:3)
  31 orcs
  5 ball pythons
  3 bats
  7 giant cockroaches
  10 goblins
  11 hobgoblins
  13 jackals
  7 kobolds
  7 quokkas
  6 giant newts
  A jackal skeleton (D:5)
  A jackal zombie (D:4)
  A quokka zombie (D:7)
  6 rats
  A butterfly (D:5)
246 creatures vanquished.

Vanquished Creatures (collateral kills)
  A troll (D:10)
  A two-headed ogre (D:10)
  2 yaks (D:10)
  5 orc warriors (D:10)
  2 sky beasts (D:10)
  An ogre (D:10)
  4 big kobolds (D:10)
  2 gnoll sergeants (D:10)
  A giant frog zombie (D:10)
  An orc wizard (D:10)
  A worker ant (D:10)
  2 gnolls (D:10)
  An adder (D:10)
  4 orcs (D:10)
28 creatures vanquished.

Vanquished Creatures (others)
  9 flying skulls (D:10)
  A wight (D:10)
  A yak skeleton (D:10)
  A big kobold zombie (D:10)
  An orc zombie (D:10)
  A gnoll zombie (D:10)
14 creatures vanquished.

Grand Total: 288 creatures vanquished

Notes
Turn   | Place    | Note
--------------------------------------------------------------
     0 | D:1      | sleepydude the Troll Hunter began the quest for the Orb.
     0 | D:1      | Reached XP level 1. HP: 19/19 MP: 0/0
   136 | D:1      | Reached XP level 2. HP: 28/28 MP: 1/1
   726 | D:2      | Reached XP level 3. HP: 35/35 MP: 2/2
   756 | D:2      | Found a glowing golden altar of the Shining One.
   756 | D:2      | Found a glowing silver altar of Zin.
   756 | D:2      | Found a white marble altar of Elyvilon.
   921 | D:2      | Found a stormy altar of Qazlal.
   939 | D:2      | Reached XP level 4. HP: 42/42 MP: 3/3
   956 | D:2      | Reached skill level 1 in Unarmed Combat
  1259 | D:2      | Found a burning altar of Makhleb.
  1273 | D:2      | Found a shadowy altar of Dithmenos.
  1314 | D:2      | Found a basalt altar of Yredelemnul.
  1319 | D:2      | Became a worshipper of Yredelemnul the Dark
  1388 | D:2      | Found a sacrificial altar of Ru.
  1661 | D:3      | Reached skill level 2 in Unarmed Combat
  1776 | D:3      | Reached XP level 5. HP: 50/50 MP: 4/4
  2291 | D:4      | Noticed a phantom
  2314 | D:4      | Killed a phantom
  2314 | D:4      | Reached skill level 3 in Unarmed Combat
  2409 | D:4      | Noticed an ogre
  2412 | D:4      | Killed an ogre
  2412 | D:4      | Reached * piety under Yredelemnul
  2412 | D:4      | Reached skill level 4 in Unarmed Combat
  2412 | D:4      | Reached XP level 6. HP: 61/61 MP: 5/5
  2420 | D:4      | Found a basalt altar of Yredelemnul.
  2424 | D:4      | Noticed peaced01's ghost (amateur HOFi)
  2445 | D:4      | Killed peaced01's ghost
  2445 | D:4      | Reached skill level 5 in Unarmed Combat
  2445 | D:4      | Reached XP level 7. HP: 68/68 MP: 6/6
  2990 | D:5      | Entered Level 5 of the Dungeon
  3010 | D:5      | Found a staircase to the Ecumenical Temple.
  3139 | D:5      | Found a sand-covered staircase.
  3354 | D:5      | Reached skill level 6 in Unarmed Combat
  3943 | D:6      | Found a deep blue altar of Sif Muna.
  4001 | D:6      | Reached XP level 8. HP: 50/79 MP: 7/7
  4301 | D:6      | Found an ancient bone altar of Kikubaaqudgha.
  4302 | D:6      | Found a blossoming altar of Fedhas.
  4332 | D:6      | Reached skill level 7 in Unarmed Combat
  4358 | D:6      | Reached skill level 5 in Fighting
  4657 | D:7      | Found Inne Rai's Assorted Antiques.
  4668 | D:7      | Reached skill level 8 in Unarmed Combat
  4734 | D:7      | Reached ** piety under Yredelemnul
  4812 | D:7      | Noticed Menkaure
  4813 | D:7      | Killed Menkaure
  4813 | D:7      | Reached skill level 9 in Unarmed Combat
  4813 | D:7      | Reached XP level 9. HP: 89/89 MP: 8/8
  5198 | D:8      | Found an oddly glowing altar of Pakellas.
  5208 | D:8      | Noticed Grum
  5222 | D:8      | Killed Grum
  5222 | D:8      | Reached skill level 10 in Unarmed Combat
  5357 | D:8      | Found a sparkling altar of Nemelex Xobeh.
  5393 | D:8      | Found Pajopell's Magic Scroll Shoppe.
  5400 | D:8      | Bought a scroll of teleportation for 36 gold pieces
  5400 | D:8      | Bought a scroll of enchant weapon for 90 gold pieces
  5522 | D:7      | Reached skill level 5 in Throwing
  6148 | D:9      | Reached *** piety under Yredelemnul
  6226 | D:9      | Reached XP level 10. HP: 92/100 MP: 9/9
  6404 | D:9      | Noticed Pikel
  6419 | D:9      | Killed Pikel
  6718 | D:9      | Reached skill level 5 in Dodging
  6820 | D:10     | Entered Level 10 of the Dungeon
  6855 | D:10     | Found a staircase to the Lair.
  6951 | D:10     | Received a gift from Yredelemnul
  7193 | D:10     | Killed an unseen horror
  7399 | D:10     | Reached XP level 11. HP: 24/107 MP: 10/10
  7399 | D:10     | Received a gift from Yredelemnul
  7750 | D:10     | Found a staircase to the Orcish Mines.
  7806 | D:10     | Reached **** piety under Yredelemnul
  7835 | D:10     | Received a gift from Yredelemnul
  8111 | D:10     | Noticed a catoblepas
  8128 | D:10     | Killed a catoblepas
  8366 | D:10     | Noticed Snorg
  8382 | D:10     | HP: 5/107 [Snorg (11)]
  8384 | D:10     | HP: 2/107 [Snorg (4)]
  8384 | D:10     | Mangled by Snorg

Skill      XL: |  1  2  3  4  5  6  7  8  9 10 11 |
---------------+----------------------------------+-----
Throwing       | 4 5 8 9 |  9.2
Fighting       | 2 3 4 5 6 |  6.5
Unarmed Combat | 2 4 5 6 9 10 | 10.2
Dodging        | 3 6 7 |  7.4
Stealth        | |  0.4

Action                   |  1- 3 |  4- 6 |  7- 9 | 10-12 || total
-------------------------+-------+-------+-------+-------++-------
Melee: Short sword       |     9 |       |       |       ||     9
       Unarmed           |    21 |   112 |   297 |   194 ||   624
       Punch             |       |     2 |    10 |     1 ||    13
Throw: Large rock        |    44 |    19 |    23 |     8 ||    94
       Throwing net      |     2 |       |     3 |       ||     5
       Javelin           |       |       |    12 |     9 ||    21
       Tomahawk          |       |       |     6 |    43 ||    49
Invok: Animate Dead      |       |       |       |     2 ||     2
Evoke: Wand              |       |     4 |       |       ||     4
  Use: Scroll            |     2 |     3 |     3 |     3 ||    11
       Potion            |       |       |     1 |       ||     1
 Stab: Held in net/web   |     3 |       |       |       ||     3
       Sleeping          |       |     1 |       |     4 ||     5
       Distracted        |       |       |       |     2 ||     2
  Eat: Chunk             |    13 |    10 |    36 |    26 ||    85
       Bread ration      |       |       |     1 |       ||     1
Armor: Robe              |    24 |    36 |    44 |       ||   104
       Animal skin       |       |       |    34 |    44 ||    78
Dodge: Dodged            |    24 |    43 |   116 |    76 ||   259
Block: Shield            |       |       |       |    41 ||    41
